 Dungeon Crawl Stone Soup version 0.30.0-5-g1a98f26d00 (webtiles) character file.

Game seed: 8784040366548741435

53392 SnakkuSnakku7 the Severer (level 14, -2/131 HPs)
             Began as an Ogre Delver on May 10, 2023.
             Was the Champion of Hepliaklqana.
             Slain by an orc knight
             ... wielding a +0 broad axe
              (16 damage)
             ... on level 2 of the Orcish Mines.
             The game lasted 00:33:36 (21670 turns).

SnakkuSnakku7 the Severer (Ogre Delver)            Turns: 21670, Time: 00:33:39

Health: -2/131     AC:  7    Str: 31    XL:     14   Next: 68%
Magic:  15/15      EV: 14    Int: 14    God:    Hepliaklqana [******]
Gold:   2375       SH:  0    Dex: 18    Spells: 13/13 levels left

rFire   . . .        a - +5 broad axe (drain)
rCold   + . .        (no shield)
rNeg    + + .        C - +0 troll leather armour
rPois   .            S - +2 hat {Int+3}
rElec   .            H - scarf "Fifoehics" {shadows, Rampage rC+ rN++ Str+2}
rCorr   .            (gloves unavailable)
SInv    .            (boots unavailable)
Will    +....        p - amulet of faith
Stlth   +++          d - +6 ring of dexterity
HPRegen 1.21/turn    s - +6 ring of strength
MPRegen 0.14/turn

%: rampage, faith
@: no status effects
A: reduced essence, large, unfitting armour, tough skin 1, antennae 1, thin
skeletal structure 1
a: Renounce Religion, Recall Ancestor, Ancestor Identity, Transference, Idealise


You were on level 2 of the Orcish Mines.
You worshipped Hepliaklqana.
Hepliaklqana was exalted by your worship.
You visited 4 branches of the dungeon, and saw 20 of its levels.
You also visited: Ossuary and Bailey.

You collected 2375 gold pieces.

Inventory:

Hand Weapons
 a - a +5 broad axe of draining (weapon)
Missiles
 F - 5 curare-tipped darts
 K - a throwing net
 M - 17 large rocks (quivered)
Armour
 b - a +1 robe
 C - a +0 troll leather armour (worn)
 H - the scarf "Fifoehics" (worn) {shadows, Rampage rC+ rN++ Str+2}
   (You acquired it on level 10 of the Dungeon)

   Str:       It affects your strength (+2).
   rC:        It protects you from cold.
   rN:        It greatly protects you from negative energy.
   Rampage:   It bestows one free step when moving towards enemies.
 S - a +2 hat of intelligence (worn)
Jewellery
 d - a +6 ring of dexterity (left hand)
 e - a ring of protection from cold
 p - an amulet of faith (around neck)
 s - a +6 ring of strength (right hand)
 E - an amulet of magic regeneration
 G - a ring of protection from cold
 O - the ring "Mewno" {rC+ rN+++ Will++}
   (You took it off an orc priest on level 11 of the Dungeon)

   [ring of protection from cold]

   rC:        It protects you from cold.
   rN:        It renders you almost immune to negative energy.
   Will:      It greatly increases your willpower.
 Q - a ring of protection from fire
 R - a ring of ice
 X - a ring of positive energy
Wands
 g - a wand of digging (3)
 r - a wand of flame (40)
 P - a wand of charming (3)
Scrolls
 c - a scroll of fog
 f - 3 scrolls of poison
 h - 2 scrolls of immolation
 t - 12 scrolls of teleportation
 u - a scroll of torment
 x - a scroll of butterflies
 y - 4 scrolls of identify
 A - 2 scrolls of amnesia
 B - a scroll of brand weapon
 D - 3 scrolls of magic mapping
 J - a scroll of vulnerability
 N - 3 scrolls of fear
Potions
 i - 6 potions of heal wounds
 j - 2 potions of haste
 k - 5 potions of mutation
 l - 4 potions of cancellation
 m - 3 potions of attraction
 n - 2 potions of magic
 o - 6 potions of lignification
 q - 4 potions of flight
 v - 2 potions of berserk rage
 w - 18 potions of curing
 z - 2 potions of ambrosia
 I - 4 potions of invisibility
 L - a potion of might
 U - 2 potions of resistance
Miscellaneous
 T - a phantom mirror
 W - a box of beasts


   Skills:
 - Level 11.0 Fighting
 - Level 17.8(18.0) Axes
 - Level 3.3(11.2) Maces & Flails
 - Level 12.6 Throwing
 - Level 8.9 Dodging
 - Level 3.7 Stealth
 + Level 2.4 Invocations


You had 13 spell levels left.
You didn't know any spells.
Your spell library contained the following spells:

 Spells                   Type           Power      Damage    Failure   Level
 Apportation              Tloc           0%         N/A       32%         1
 Beastly Appendage        Tmut           0%         N/A       32%         1
 Wereblood                Tmut           0%         N/A       43%         2
 Spider Form              Tmut/Pois      0%         N/A       67%         3
 Summon Ice Beast         Ice/Summ       0%         N/A       97%         4
 Alistair's Intoxication  Tmut/Pois      0%         N/A       100%        5
 Summon Mana Viper        Hex/Summ       0%         N/A       100%        5
 Monstrous Menagerie      Summ           0%         N/A       100%        7


Dungeon Overview and Level Annotations

Branches:
Dungeon (12/15)            Temple (1/1) D:4            Lair (5/5) D:11
  Swamp (0/4) Lair:3        Snake (0/4) Lair:2        Slime (0/5) Lair:4
    Orc (2/2) D:10            Elf (0/3) Orc:2       Ossuary (visited)
 Bailey (visited)

Altars:
Dithmenos
Elyvilon
Fedhas
Hepliaklqana
Kikubaaqudgha
Makhleb
Okawaru
Qazlal
Ru
Sif Muna
Wu Jian
Xom
Yredelemnul
Zin
The Shining One

Shops:
D:9 (   D:10 (   Orc:2 (

Annotations:
D:10 exclusion: 4 doors
Lair:2 2 exclusions
Lair:5 1 runed translucent door, bungle's ghost, journeyman MiBe


Innate Abilities, Weirdness & Mutations

Your life essence is reduced to manifest your ancestor. (-10% HP)
You are too large for most types of armour.
You have tough skin. (AC +1)
You have a pair of small antennae on your head.
You have a somewhat thin skeletal structure. (Dex +2, Stealth+)


Message History

An orc sorcerer comes into view. It is wielding a +0 dagger.
You hit the orc warrior.
You kill the orc warrior!
You slash something!
You feel a bit more experienced.
Unknown command.
You rampage towards the orc knight!
An orc wizard and an orc warrior come into view.
An orc wizard comes into view. It is wielding a +0 dagger.
The orc high priest hits you with a +0 glaive!!
The orc wizard barely misses you.
An orc wizard comes into view. It is wielding a +0 dagger.
An orc priest comes into view.
It is wielding a +2 flail of protection.
The orc wizard shouts!
You slice the orc high priest!!
The orc high priest is heavily wounded.
You hit the orc knight. You closely miss the orc wizard.
You hear a shout! x3
An orc priest comes into view. It is wielding a +0 war axe.
An orc wizard comes into view. It is wielding a +0 dagger.
The orc high priest hits you with a +0 glaive.
The orc knight roars a battlecry!
The orcs go into a battle-frenzy!
The orc warrior hits you from afar with a +0 glaive!!
The orc wizard barely misses you.
An orc priest comes into view.
It is wielding a +0 dagger. ⑨ hits the orc high priest with a +0 flail!
You closely miss the orc high priest.
The orc high priest is severely wounded.
You slice the orc wizard!!
You kill the orc wizard!
You slash the orc knight!
The orc warrior hits you from afar with a +0 glaive!!
* * * LOW HITPOINT WARNING * * *
The orc priest calls down the wrath of Beogh upon you.
Beogh smites you!
* * * LOW HITPOINT WARNING * * *
The orc high priest hits you with a +0 glaive!
* * * LOW HITPOINT WARNING * * *
The orc knight hits you with a +0 broad axe!
You die...

#............#
#............#
#...........##
#............#
#............#
#..).........#
#............#
#.R))........#
#.o@.........#
#.)o.........#
#ooo.........#
o.o.oo)o..........#
.o.oo.............#
...o..............#
..o.o.............#
..................#
.....#............#


You could see the friendly ⑨ the knight, an orc knight, an orc high priest
(strong, ally target), an orc sorcerer (strong), 2 orc warriors, 3 orc priests
and 5 orc wizards.

Vanquished Creatures
  Gastronok (Orc:1)
  An ettin (Orc:2)
  2 hydras (Lair:5)
  A centaur warrior (D:12)
  3 catoblepae
  2 boulder beetles
  2 death yaks (Lair:5)
  A two-headed ogre (D:9)
  3 lindwurms
  An orc knight (Orc:2)
  An orc sorcerer (Orc:1)
  4 manticores
  A cyclops (D:11)
  An oklob plant (Lair:1)
  A salamander (Lair:2)
  9 elephants
  5 slime creatures (D:12)
  6 black mambas
  4 gargoyles
  A torpor snail (Lair:3)
  12 cane toads
  5 komodo dragons
  A rime drake (Lair:1)
  7 trolls
  4 hornets
  27 blink frogs
  6 dream sheep
  A shadow (D:11)
  A vampire (D:12)
  A wraith (D:12)
  8 wyverns
  14 yaks
  4 basilisks
  4 vampire mosquitoes (D:12)
  An acid dragon (D:11)
  A warg (Orc:2)
  17 water moccasins
  An ice beast (D:8)
  2 sky beasts (D:8)
  6 black bears
  17 orc warriors
  3 ogres (Orc:2)
  9 wolves
  A centaur (D:10)
  5 kobold brigands
  7 bullfrogs
  2 scorpions
  A gnoll sergeant (D:9)
  9 wights
  3 killer bees (D:8)
  5 howler monkeys
  A gnoll bouda (Temple)
  4 hounds
  A jelly (D:8)
  A sleepcap (D:8)
  2 iguanas
  7 orc priests
  3 hell rats (Lair:1)
  Ijyb (D:4)
  21 orc wizards
  8 mummies (Ossuary)
  5 gnolls
  5 adders
  A white imp (D:4)
  2 worms (D:2)
  3 dart slugs
  47 orcs
  8 bats
  3 endoplasms
  10 giant cockroaches
  8 goblins
  6 hobgoblins
  28 kobolds
  2 quokkas
  4 ball pythons
  7 frilled lizards
  4 hobgoblin zombies (Ossuary)
  A kobold zombie (Ossuary)
  3 orc zombies (Ossuary)
  10 rats
441 creatures vanquished.

Vanquished Creatures (collateral kills)
  2 hydras
  A death yak (Lair:5)
  Sonja (Lair:1)
  A skyshark (Lair:3)
  An elephant (Lair:5)
  A black mamba (Lair:5)
  A cane toad (Lair:5)
  A rime drake (Lair:1)
  A komodo dragon (Lair:1)
  2 blink frogs
  A yak (D:10)
  A wraith (D:8)
  A wyvern (Lair:4)
  A basilisk (Lair:1)
  2 water moccasins (D:7)
  3 orc warriors (Bailey)
  A black bear (D:11)
  A wolf (Lair:1)
  4 bullfrogs
  4 wights
  A killer bee (D:8)
  A howler monkey (D:8)
  An orc priest (Orc:2)
  A sleepcap (D:8)
  An iguana (D:5)
  2 hell rats (Lair:1)
  A gnoll (D:7)
  8 orcs
  2 goblins (D:7)
  2 kobolds
51 creatures vanquished.

Vanquished Creatures (others)
  10 knights
  An ancestor (D:6)
  An orc (Orc:1)
12 creatures vanquished.

Grand Total: 504 creatures vanquished

Notes
Turn   | Place    | Note
-------+----------+-------------------------------------------
     0 | D:5      | SnakkuSnakku7 the Ogre Delver began the quest for the Orb.
     0 | D:5      | Reached XP level 1. HP: 24/24 MP: 1/1
   110 | D:5      | Found a sand-covered staircase.
   115 | Ossuary  | Entered an ossuary
   199 | Ossuary  | Reached XP level 2. HP: 21/33 MP: 2/2
   267 | Ossuary  | Reached XP level 3. HP: 41/41 MP: 3/3
   325 | Ossuary  | Gained mutation: You have a pair of small antennae on your
                  | head. [potion of mutation]
   325 | Ossuary  | Gained mutation: You have a somewhat thin skeletal
                  | structure. (Dex +2, Stealth+) [potion of mutation]
   330 | Ossuary  | Reached skill level 5 in Fighting
   387 | Ossuary  | Reached XP level 4. HP: 13/50 MP: 4/4
   955 | D:4      | Noticed Ijyb
  1148 | D:4      | Reached XP level 5. HP: 45/59 MP: 5/5
  1212 | D:3      | Reached skill level 1 in Throwing
  3067 | D:3      | Reached XP level 6. HP: 68/68 MP: 6/6
  3519 | D:4      | Found a staircase to the Ecumenical Temple.
  3680 | Temple   | Entered the Ecumenical Temple
  3815 | Temple   | Became a worshipper of Hepliaklqana the Forgotten
  4676 | Temple   | HP: 3/71 [gnoll bouda/+0 club (12)]
  4683 | Temple   | Reached XP level 7. HP: 39/79 MP: 7/7
  5245 | D:4      | Killed Ijyb
  5598 | D:5      | Reached * piety under Hepliaklqana
  6090 | D:6      | Found a blossoming altar of Fedhas.
  6295 | D:6      | Reached skill level 10 in Fighting
  6295 | D:6      | Reached XP level 8. HP: 68/83 MP: 8/8
  6944 | D:6      | Found a glowing golden altar of the Shining One.
  7101 | D:6      | Identified a scroll of acquirement
  7102 | D:6      | Acquired a +1 broad axe of distortion
  7277 | D:7      | Found an ancient bone altar of Kikubaaqudgha.
  7291 | D:7      | Reached ** piety under Hepliaklqana
  7295 | D:7      | Remembered your ancestor ⑨ as a knight
  7346 | D:7      | Reached skill level 2 in Axes
  7396 | D:7      | Found a flagged portal.
  7594 | Bailey   | Entered a bailey
  7753 | Bailey   | Reached skill level 3 in Axes
  7988 | Bailey   | Reached skill level 4 in Axes
  8274 | Bailey   | Reached skill level 5 in Axes
  8330 | Bailey   | Reached XP level 9. HP: 82/94 MP: 7/9
  8365 | Bailey   | Identified the +0 pair of gloves of Dice, Bag, and Bottle
                  | {rElec rC+ Dex+2}
  8375 | Bailey   | Reached skill level 6 in Axes
  8690 | D:7      | Reached skill level 7 in Axes
  9520 | D:7      | Reached skill level 8 in Axes
  9808 | D:8      | Reached skill level 9 in Axes
 10150 | D:8      | Found a basalt altar of Yredelemnul.
 10218 | D:8      | Reached skill level 10 in Axes
 10218 | D:8      | Reached XP level 10. HP: 85/101 MP: 10/10
 10694 | D:9      | Reached skill level 11 in Axes
 10908 | D:9      | Noticed a two-headed ogre
 10908 | D:9      | Paralysed by a hornet for 3 turns
 10922 | D:8      | Found a glowing silver altar of Zin.
 10922 | D:8      | Found a shadowy altar of Dithmenos.
 11175 | D:9      | Paralysed by a hornet for 3 turns
 11406 | D:9      | Reached skill level 12 in Axes
 11443 | D:9      | Killed a two-headed ogre
 11455 | D:9      | Found a shimmering blue altar of Sif Muna.
 11482 | D:9      | Reached *** piety under Hepliaklqana
 11560 | D:9      | Found Loazajoc's Antique Weapon Emporium.
 11830 | D:9      | Reached skill level 13 in Axes
 11926 | D:9      | Reached XP level 11. HP: 46/104 MP: 11/11
 12167 | D:10     | Entered Level 10 of the Dungeon
 12260 | D:10     | Acquired the scarf "Fifoehics" {shadows, Rampage rC+ rN++
                  | Str+2}
 12354 | D:10     | Found a staircase to the Orcish Mines.
 12547 | D:10     | Noticed an eight-headed hydra
 12611 | D:10     | Found a burning altar of Makhleb.
 12756 | D:10     | Found Texiunne's Antique Weapon Emporium.
 13191 | D:11     | Reached skill level 14 in Axes
 13198 | D:11     | Found a staircase to the Lair.
 13293 | D:11     | Reached **** piety under Hepliaklqana
 13546 | D:11     | Identified the ring "Mewno" {rC+ rN+++ Will++}
 13757 | D:11     | Noticed a cyclops
 13759 | D:11     | Noticed a boulder beetle
 13763 | D:11     | Killed a cyclops
 13771 | D:11     | Killed a boulder beetle
 13772 | D:11     | Reached skill level 15 in Axes
 13981 | Lair:1   | Entered Level 1 of the Lair of Beasts
 13988 | Lair:1   | Noticed a catoblepas
 14005 | Lair:1   | Killed a catoblepas
 14218 | Lair:1   | Reached skill level 16 in Axes
 14220 | Lair:1   | Reached XP level 12. HP: 117/117 MP: 12/12
 14649 | Lair:1   | Reached skill level 17 in Axes
 14822 | Lair:1   | Reached ***** piety under Hepliaklqana
 15187 | Lair:1   | Noticed Sonja
 15200 | Lair:1   | Killed Sonja
 15494 | Lair:2   | Found a staircase to the Snake Pit.
 16044 | Lair:3   | Reached skill level 5 in Dodging
 16089 | Lair:3   | Found a staircase to the Swamp.
 16113 | Lair:3   | Reached XP level 13. HP: 38/123 MP: 13/13
 16909 | Lair:3   | Reached ****** piety under Hepliaklqana
 17176 | Lair:4   | Found a staircase to the Slime Pits.
 17879 | Lair:5   | Entered Level 5 of the Lair of Beasts
 17929 | Lair:5   | Found a runed translucent door.
 17930 | Lair:5   | Noticed bungle's ghost (journeyman MiBe)
 18017 | Lair:5   | Reached skill level 5 in Throwing
 18384 | Lair:5   | HP: 5/123 [poisoned by a black mamba]
 18389 | Lair:4   | HP: 4/123 [poisoned by a black mamba]
 19277 | Lair:5   | Reached XP level 14. HP: 119/131 MP: 14/14
 19311 | Lair:5   | Reached skill level 10 in Throwing
 19351 | Lair:5   | Identified the +7 dagger of Vehezxum {freeze, rElec rC++
                  | Str+3 Int+4}
 19835 | D:12     | Found a shimmering altar of Xom.
 20604 | Orc:1    | Entered Level 1 of the Orcish Mines
 20604 | Orc:1    | Noticed Gastronok
 20618 | Orc:1    | Killed Gastronok
 20853 | Orc:2    | Entered Level 2 of the Orcish Mines
 21084 | Orc:2    | Found a staircase to the Elven Halls.
 21310 | Orc:2    | Found Syiwuph's Weapon Shop.
 21364 | Orc:2    | Reached skill level 1 in Invocations
 21670 | Orc:2    | Slain by an orc knight

Illustrated notes

Levels and vault maps discovered:
D:1:      saegor_arrival_simple_c, layout_loops_cross, kennysheep_flooded_box,
          minmay_misc_feat_diagonals
D:2:      layout_loops_cross, dreamdust_wishing_well,
          nicolae_elevator_lobby_asterisk
D:3:      layout_rooms, grunt_decor_one_mirror, kennysheep_another_room,
          minivault_25
D:4:      layout_basic, minmay_temple_entry_drinking_statues, uniq_ijyb
D:5:      layout_basic, enter_ossuary_2
D:6:      layout_cave_pools, overflow_temple_1_default,
          mainiacjoe_overflow_concentric_impassable
D:7:      layout_basic, mainiacjoe_overflow_boulevard, enter_bailey_7,
          nrook_mini_backslash, hex_intersection
D:8:      layout_basic, nicolae_overflow_hidden_temple
D:9:      layout_loops_ring, nicolae_sif_muna_condensation, serial_shops, shop,
          minmay_fractal_squares_5
D:10:     layout_roguey, lemuel_round_altar, orc_0_dummy, serial_shops,
          nicolae_shop_real_fake_doors, kennysheep_potato
D:11:     layout_loops_ring, minmay_lair_entry_grove
D:12:     layout_basic, moated_statue, minmay_ruined_shrine
Temple:   dpeg_chambers_temple
Lair:1:   minmay_lair_oklob_chamber, layout_concentric_octagons,
          nzn_random_ring, grunt_megastairs_2, uniq_sonja
Lair:2:   layout_chaotic_city, nicolae_snake_entry_warm_welcome,
          grunt_forest_small_clearing_treed
Lair:3:   layout_cave_pods, swamp_mist
Lair:4:   layout_hall_layers, slime_entry_1
Lair:5:   hangedman_lair_in_review, layout_small_grid,
          ebering_ghost_inner_flame, serial_bayou_shore_b, lemuel_fruit_tree
Orc:1:    layout_caves, uniq_gastronok
Orc:2:    st_orc_congregation, layout_caves, serial_shops, shop_statue,
          mines1_david

Skill      XL: |  1  2  3  4  5  6  7  8  9 10 11 12 13 14 |
---------------+-------------------------------------------+-----
Maces & Flails | 2 3 |  3.3
Fighting       | 5 6 7 10 11 | 11.0
Throwing       | 2 3 4 9 12 | 12.6
Axes           | 5 10 13 16 17 | 17.8
Dodging        | 6 8 |  8.9
Invocations    | 2 |  2.4
Stealth        | |  3.7

Action                     |  1- 3 |  4- 6 |  7- 9 | 10-12 | 13-15 || total
---------------------------+-------+-------+-------+-------+-------++-------
  Melee: Mace              |    49 |    70 |       |       |       ||   119
         Punch             |     1 |     4 |       |     4 |     6 ||    15
         Flail             |       |   247 |    97 |       |       ||   344
         Unarmed           |       |     3 |       |       |       ||     3
         Broad axe         |       |       |   131 |   357 |   381 ||   869
  Throw: Dart              |       |    18 |    14 |    25 |       ||    57
         Large rock        |       |       |       |       |    26 ||    26
 Invoke: Recall Ancestor   |       |       |     3 |     4 |     4 ||    11
         Ancestor Life: Kn |       |       |     1 |       |       ||     1
         Ancestor Identity |       |       |     1 |       |       ||     1
         Transference      |       |       |       |       |     1 ||     1
  Evoke: Wand              |       |       |     7 |     3 |     3 ||    13
         Phantom mirror    |       |       |       |       |     1 ||     1
    Use: Scroll            |     1 |    10 |    12 |    12 |     5 ||    40
         Potion            |     6 |     4 |     1 |     6 |       ||    17
   Stab: Sleeping          |       |    28 |     7 |    24 |    15 ||    74
         Distracted        |       |       |     1 |     1 |     1 ||     3
         Petrifying        |       |       |       |     2 |       ||     2
         Petrified         |       |       |       |     1 |       ||     1
 Armour: Robe              |     9 |    67 |    63 |    14 |       ||   153
         Skin              |       |     2 |       |    72 |       ||    74
         Troll leather arm |       |       |       |    42 |    57 ||    99
  Dodge: Dodged            |    15 |   180 |   181 |   163 |   171 ||   710
